cohdb
Replays
Latest Replays
All Replays
Popular Replays
Top Player Replays
Match Explorer
How It Works
Community
CoH3 Stats
Reddit
Sign in to upload your games and track your stats! →
Sign in with Steam
Match 44773616
Unlisted
Match 44773616
Overview
Messages
Build Orders
End
Panzergrenadier Squad
Panzergrenadier Squad
250 Light Carrier
Construct Light Support Kompanie
2.5-tonne Medical Truck
Combat Half-tracks
Selects Battlefield Espionage Battlegroup
Selects Intel Disruption Beacon
Fire Support Elements
Panzerjäger Mechanized Group
Construct Panzerarmee Kommand
Selects Transfer Depots
Forward Retreat Point
Walking Stuka Rocket Launcher
Walking Stuka Rocket Launcher
Selects Disruption Operation
Veteran Squad Leaders
Armored Reserves
Selects 250/3 Funkpanzerwagen
Selects Anti-Tank Incendiary Munitions
Emergency Repair Kits
Disruption Operation
Vehicle Survival Package
Tiger Heavy Tank
秃鹫k
Ok.okokok
我真的不是驴
THE one-冰封夕阳
【POW】游骑
JT
GOOD
陈浩南
0
0
Comments
sign in to comment!
No comments posted yet!